 Dungeon Crawl Stone Soup version bcrawl-1.40.3b (webtiles) character file.

Game seed: 9052615618127671453

314188 PlayerOfArmor the Severer (level 10, -4/86 HPs)
             Began as a Minotaur Fighter on Mar 22, 2024.
             Was a Believer of Makhleb.
             Slain by a cyclops (25 damage)
             ... on level 9 of the Dungeon.
             The game lasted 00:12:29 (8226 turns).

PlayerOfArmor the Severer (Minotaur Fighter)        Turns: 8226, Time: 00:12:30

Health: -4/86      AC: 16    Str: 23    XL:     10   Next: 35%
Magic:  9/9        EV: 10    Int:  5    God:    Makhleb [**....]
Gold:   617        SH:  0    Dex: 11    Spells: 9/9 levels left

rFire    . . .     GDR:     30% D - +0 battleaxe
rCold    + . .     SeeInvis .   (shield currently unavailable)
rNeg     . . .     Gourm    .   o - quicksilver dragon scales
rPois    .         Faith    .   (helmet restricted)
rElec    .         Spirit   .   u - +2 cloak
rCorr    .         Reflect  .   h - +0 pair of gloves
MR       +....                  (no boots)
Stlth    +.........             (no amulet)
HPRegen  0.24/turn              z - ring of protection from fire (curse)
MPRegen  0.11/turn              a - ring of ice (curse)

@: no status effects
A: retaliatory headbutt, horns 2
a: Minor Destruction, Renounce Religion


You were on level 9 of the Dungeon.
You worshipped Makhleb.
Makhleb was pleased with you.
You were not hungry.

You visited 2 branches of the dungeon, and saw 10 of its levels.

You collected 695 gold pieces.
You spent 78 gold pieces at shops.

Inventory:

Hand Weapons
 D - a +0 battleaxe (weapon)
Missiles
 y - a throwing net {=f}
Armour
 h - a +0 pair of gloves (worn)
 o - quicksilver dragon scales (worn)
 u - a +2 cloak (worn)
Jewellery
 a - a cursed ring of ice (right hand)
 b - an uncursed ring of magical power
 r - an uncursed ring of poison resistance
 z - a cursed ring of protection from fire (left hand)
Wands
 v - a wand of flame (14)
 w - a wand of random effects (8)
 E - a wand of acid (7)
Scrolls
 i - 12 scrolls of identify
 j - 4 scrolls of teleportation
 k - 2 scrolls of amnesia
 B - a scroll of blinking {unknown}
 F - a scroll of remove curse {unknown}
Potions
 d - a potion of might
 f - 4 potions of resistance {unknown}
 g - 8 potions of curing {unknown}
 l - 2 potions of brilliance {unknown}
 m - 3 potions of flight {unknown}
 n - a potion of heal wounds {unknown}
 q - 2 potions of mutation {unknown}
 s - 2 potions of lignification {unknown}
 t - a potion of magic {unknown}
 x - a potion of invisibility {unknown}
 A - a potion of haste
 C - a potion of agility {unknown}
Miscellaneous
 p - a lamp of fire
Comestibles
 c - 5 chunks of flesh
 e - 19 rations {!d}


   Skills:
 + Level 7.4 Fighting
 - Level 15.2 Axes
 + Level 7.4 Armour
   Level 3.6 Shields


You had 9 spell levels left.
You didn't know any spells.
Your spell library contained the following spells:

 Spells                   Type           Power        Failure   Level  Hunger
 Beastly Appendage        Tmut           #.....       61%         1    None
 Passwall                 Tmut/Erth      #.......     75%         2    ####...
 Sticks to Snakes         Tmut           #.......     75%         2    ####...
 Spider Form              Tmut/Pois      #..          93%         3    #####..
 Ice Form                 Ice/Tmut       #.......     100%        4    ######.
 Blade Hands              Tmut           #.........   100%        5    #######


Dungeon Overview and Level Annotations

Branches:
Dungeon (9/12)             Temple (1/1) D:6
   Lair: D:7-9          Orc: D:8-11

Altars:
Ashenzari
Cheibriados
Dithmenos
Elyvilon
Fedhas
Gozag
Hepliaklqana
Kikubaaqudgha
Lugonu
Makhleb
Nemelex Xobeh
Okawaru
Qazlal
Ru
Trog
Vehumet
Wu Jian
Xom
Yredelemnul
Zin
The Shining One

Shops:
D:4 (   D:6 (   D:8 (


Innate Abilities, Weirdness & Mutations

You reflexively headbutt those who attack you in melee.
You have a pair of horns on your head.


Message History

Eating one of 6 chunks of flesh.
You eat one of the 6 chunks of flesh.
This raw flesh tastes terrible.
A cyclops comes into view.
The cyclops shouts!
The cyclops throws a large rock.
The large rock hits you!!
The cyclops throws a large rock.
The large rock hits you!!
* * * LOW HITPOINT WARNING * * *
You slash the cyclops!
You headbutt the cyclops, but do no damage.
The cyclops is moderately wounded.
The cyclops closely misses you.
You hit the cyclops. You headbutt the cyclops.
The cyclops is moderately wounded.
You slice the cyclops!!
The cyclops is severely wounded.
You hit the cyclops.
You headbutt the cyclops, but do no damage.
The cyclops is severely wounded.
The cyclops hits you!!
You die...

#. #.##..###
#.#####.......# ####.#
#.####.#...#.....#.###.....
#......#...#.###..........#
#......).....# ###.###....
#.#######.#### #.[.#...#
#######.## ###.#...#
........C# #.#...#
#######.@#########)#.†.#
.........#.............#
########.#.#######.#...#
#.....# #.#...# #.....##
#.#...## #......# #.#.....
#........ #.#.####
#.....##. #.#.# ###......
....#


You could see a cyclops.

Vanquished Creatures
  Pikel (D:4)
  A troll (D:8)
  Grinder (D:5)
  A meliai zombie (D:5)
  Grum (D:8)
  A hippogriff (D:8)
  A hungry ghost (D:7)
  A steam dragon (D:9)
  A crocodile (D:6)
  Edmund (D:6)
  A black bear (D:7)
  2 sky beasts (D:7)
  A slave (D:4)
  3 phantoms
  2 necrophages
  5 ogres
  4 wolves (D:8)
  2 bullfrogs (D:8)
  A kobold brigand (D:7)
  3 centaurs
  2 wyvern skeletons
  2 scorpions (D:4)
  A killer bee (D:5)
  A howler monkey (D:4)
  3 orc priests
  8 crimson imps
  A quasit (D:9)
  Crazy Yiuf (D:4)
  A hound (D:4)
  A jelly (D:8)
  5 orc wizards
  2 iguanas (D:7)
  9 worker ants
  3 hound zombies
  2 worker ant zombies
  7 adders
  A howler monkey skeleton (D:4)
  4 shadow imps
  An ooze (D:2)
  An adder zombie (D:5)
  2 adder skeletons
  5 worms
  3 dart slugs
  4 leopard geckos
  22 orcs
  2 ball pythons
  7 bats
  A giant cockroach (D:3)
  7 goblins (D:1)
  10 hobgoblins
  15 jackals
  12 kobolds
  2 quokkas
  2 frilled lizards (D:1)
  A goblin skeleton (D:9)
  3 goblin zombies (D:9)
  2 hobgoblin zombies (D:9)
  3 kobold skeletons (D:9)
  A kobold zombie (D:9)
  An orc skeleton (D:9)
  4 rats
199 creatures vanquished.

Vanquished Creatures (others)
  A howler monkey skeleton (D:4)
  A dart slug (D:4)
  An orc (D:4)
  A giant cockroach (D:4)
  2 plants (D:9)
6 creatures vanquished.

Grand Total: 205 creatures vanquished

Notes
Turn   | Place    | Note
-------+----------+-------------------------------------------
     0 | D:1      | PlayerOfArmor the Minotaur Fighter began the quest for the
                  | Orb.
     0 | D:1      | Reached XP level 1. HP: 19/19 MP: 0/0
    54 | D:1      | Reached skill level 3 in Axes
    98 | D:1      | Reached XP level 2. HP: 26/26 MP: 1/1
   311 | D:1      | Reached skill level 4 in Axes
   537 | D:1      | Reached XP level 3. HP: 29/31 MP: 2/2
  1195 | D:2      | Reached skill level 5 in Axes
  1195 | D:2      | Reached XP level 4. HP: 29/39 MP: 3/3
  1503 | D:2      | Found a sparkling altar of Nemelex Xobeh.
  1790 | D:3      | Reached skill level 6 in Axes
  2060 | D:3      | Found a shadowy altar of Dithmenos.
  2165 | D:3      | Reached XP level 5. HP: 45/45 MP: 4/4
  2374 | D:3      | Found a shimmering altar of Xom.
  2589 | D:4      | Reached skill level 7 in Axes
  2604 | D:4      | Reached XP level 6. HP: 45/51 MP: 5/5
  2673 | D:4      | Found Weifayl's Weapon Shoppe.
  2696 | D:4      | Reached skill level 8 in Axes
  2746 | D:4      | Noticed a slave
  2751 | D:4      | Reached skill level 9 in Axes
  2763 | D:4      | Reached XP level 7. HP: 49/57 MP: 6/6
  2773 | D:4      | Noticed Pikel
  2804 | D:4      | Killed Pikel
  2805 | D:4      | Reached skill level 11 in Axes
  2809 | D:4      | Reached XP level 8. HP: 14/64 MP: 7/7
  3093 | D:4      | Found a runed door.
  3144 | D:4      | Got a masterwork mace
  3606 | D:4      | Noticed Crazy Yiuf
  3614 | D:4      | Killed Crazy Yiuf
  3649 | D:5      | Entered Level 5 of the Dungeon
  3688 | D:5      | Reached skill level 12 in Axes
  4136 | D:5      | Noticed Grinder
  4160 | D:5      | Killed Grinder
  4161 | D:5      | Reached skill level 13 in Axes
  4358 | D:5      | Found a burning altar of Makhleb.
  4366 | D:5      | Became a worshipper of Makhleb the Destroyer
  5012 | D:6      | Found an opulent altar of Gozag.
  5051 | D:6      | Noticed Edmund
  5052 | D:6      | Reached XP level 9. HP: 58/70 MP: 8/8
  5063 | D:6      | Killed Edmund
  5078 | D:6      | Found a hazy altar of Hepliaklqana.
  5217 | D:6      | Reached skill level 14 in Axes
  5253 | D:6      | Noticed a deep elf mage
  5282 | D:7      | Found an iron altar of Okawaru.
  5378 | D:7      | Reached * piety under Makhleb
  5596 | D:7      | Found a corrupted altar of Lugonu.
  5640 | D:7      | Got a scorched hunting sling
  5859 | D:7      | Reached skill level 15 in Axes
  6406 | D:4      | Bought a +0 battleaxe for 78 gold pieces
  6466 | D:6      | Found a staircase to the Ecumenical Temple.
  6484 | Temple   | Entered the Ecumenical Temple
  6871 | D:6      | Found Misigau's Antique Weapon Shop.
  7110 | D:8      | Found a basalt altar of Yredelemnul.
  7134 | D:8      | Noticed a troll
  7148 | D:8      | Killed a troll
  7216 | D:8      | Reached skill level 5 in Fighting
  7216 | D:8      | Reached skill level 5 in Armour
  7236 | D:8      | Noticed Grum
  7260 | D:8      | Killed Grum
  7261 | D:8      | Reached XP level 10. HP: 30/83 MP: 9/9
  7576 | D:8      | Reached ** piety under Makhleb
  7827 | D:8      | Found Sufeti's Weapon Emporium.
  8055 | D:9      | Found a glowing golden altar of the Shining One.
  8217 | D:9      | Noticed a cyclops
  8226 | D:9      | Slain by a cyclops

Skill      XL: |  1  2  3  4  5  6  7  8  9 10 |
---------------+-------------------------------+-----
Axes           | 3 4 5 6 7 9 11 13 15 | 15.2
Fighting       | 5 7 |  7.4
Armour         | 5 7 |  7.4
Shields        | |  3.6

Action                   |  1- 3 |  4- 6 |  7- 9 | 10-12 || total
-------------------------+-------+-------+-------+-------++-------
Melee: War axe           |    88 |   112 |   280 |       ||   480
       Headbutt          |     9 |    14 |    46 |    10 ||    79
       Battleaxe         |       |       |    50 |    70 ||   120
  Use: Scroll            |       |       |     3 |       ||     3
  Eat: Chunk             |     4 |     9 |    27 |     5 ||    45
Armor: Scale mail        |    51 |       |       |       ||    51
       Quicksilver drago |     5 |    54 |   143 |    33 ||   235
Dodge: Dodged            |    18 |    24 |    84 |    28 ||   154
Block: Medium shield     |    46 |    46 |   124 |       ||   216
